 Dungeon Crawl Stone Soup version 0.25-a0-705-ge9988fc0fb (webtiles) character file.

Game seed: 15209260733519946130, levelgen mode: deterministic

20 Maedhros the Charlatan (level 2, -1/18 HPs)
             Began as an Octopode Artificer on Apr 4, 2020.
             Slain by a hobgoblin
             ... wielding a +0 club
              (4 damage)
             ... on level 1 of the Dungeon.
             The game lasted 00:00:31 (623 turns).

Maedhros the Charlatan (Octopode Artificer)          Turns: 623, Time: 00:00:31

Health: -1/18      AC:  1    Str: 11    XL:     2   Next: 79%
Magic:  4/4        EV: 13    Int: 13    God:
Gold:   0          SH:  0    Dex: 12    Spells: 1/1 levels left

rFire    . . .     SeeInvis .   a - +0 short sword
rCold    . . .     Gourm    .   (no shield)
rNeg     . . .     Faith    .   (helmet restricted)
rPois    .         Spirit   .   (no amulet)
rElec    .         Reflect  .   (no ring)
rCorr    .         Harm     .   (no ring)
MR       .....                  (no ring)
Stlth    +++.......             (no ring)
HPRegen  0.06/turn              (no ring)
MPRegen  0.09/turn              (no ring)
                                (no ring)
                                (no ring)

@: no status effects
A: almost no armour, stealthy swim, amphibious, 8 rings, constrict 8, camouflage
1, gelatinous body 1
a: no special abilities


You were on level 1 of the Dungeon.
You were not hungry.

You visited 1 branch of the dungeon, and saw 1 of its levels.

Inventory:

Hand Weapons
 a - a +0 short sword (weapon)
Wands
 b - a wand of flame (15)
 c - a wand of enslavement (13)
 d - a wand of random effects (15)
Scrolls
 g - 2 scrolls of identify {unknown}
Potions
 e - a potion of curing {unknown}
Comestibles
 f - a ration


   Skills:
 - Level 1.0 Fighting
 - Level 1.0 Short Blades
 - Level 2.0 Dodging
 + Level 2.9 Stealth
 + Level 3.8 Evocations


You had one spell level left.
You didn't know any spells.
Your spell library was empty.

Dungeon Overview and Level Annotations

Branches:
Dungeon (1/15)

Altars:


Innate Abilities, Weirdness & Mutations

You cannot wear most types of armour.
You are very stealthy in the water. (Stealth+)
You are amphibious.
You can wear up to eight rings at the same time.
You can use your tentacles to constrict eight enemies at once.
Your skin changes colour to match your surroundings (Stealth+).
Your rubbery body absorbs attacks. (AC +1, EV +1)


Message History

Evoke which item? (* to show all) (? for menu, Esc to quit)
Aiming: Enslavement
Press: ? - help, Shift-Dir - straight line, f - dart slug
Aim: a dart slug (severely wounded, constricted by you, chance to defeat MR: 73%)
The hobgoblin struggles to resist.
You constrict the dart slug. The hobgoblin closely misses you.
The dart slug launches a dart at you. The slug dart misses you.
The slug dart hits the hobgoblin but does no damage.
Evoke which item? (* to show all) (? for menu, Esc to quit)
Aiming: Enslavement
Press: ? - help, Shift-Dir - straight line, f - dart slug
Aim: a dart slug (severely wounded, constricted by you, chance to defeat MR: 73%)
The hobgoblin is charmed.
You constrict the dart slug. You hit the dart slug but do no damage.
The dart slug is almost dead.
You constrict the dart slug.
You kill the dart slug!
You swap places.
The hobgoblin hits you with a +0 club.
You die...

..# ##.# #.# #.# ..
###.# .. .. #...#
.###. #.### ..... #.#
.##.# #.# ##. #.######
#.# ##g###.##...# #.#
#.g@...##...####.#
#.#.####....†..##.#
................##.#
#.##...####........[.#
# ##### ###...######
#...# #####


You could see a hobgoblin and a friendly hobgoblin.

Vanquished Creatures
  2 dart slugs (D:1)
  A giant cockroach (D:1)
  3 goblins (D:1)
  A hobgoblin (D:1)
  4 jackals (D:1)
  3 rats (D:1)
14 creatures vanquished.

Notes
Turn   | Place    | Note
-------+----------+-------------------------------------------
     0 | D:1      | Maedhros the Octopode Artificer began the quest for the
                  | Orb.
     0 | D:1      | Reached XP level 1. HP: 13/13 MP: 3/3
     1 | D:1      | Noticed an electric eel
   304 | D:1      | Reached XP level 2. HP: 5/18 MP: 4/4
   623 | D:1      | Slain by a hobgoblin

Levels and vault maps discovered:
D:1:      arrival_aquarium_a, layout_loops_cross, minmay_misc_feat_ornament,
          minmay_split_cup_large

Skill      XL: |  1 |
---------------+----+-----
Stealth        | 2 |  2.9
Fighting       | |  1.0
Short Blades   | |  1.0
Dodging        | |  2.0
Evocations     | |  3.8

Action                   || total
-------------------------++-------
Melee: Short sword       ||    40
       Constrict         ||    11
       Tentacles         ||     9
Evoke: Wand              ||     2
 Stab: Distracted        ||     1
Armor: Skin              ||     2
Dodge: Dodged            ||    30

Table legend:
 A = Non-vault XP
 B = Vault XP
 C = Vault XP percentage of total XP
 D = Non-vault monster count
 E = Vault monster count
 F = Vault count percentage of total count
                 A         B        C        D         E       F
            +---------+---------+-------+---------+---------+-------
      Total |      29 |       0 |   0.0 |      14 |       0 |   0.0
            +---------+---------+-------+---------+---------+-------
        D:1 |      29 |       0 |   0.0 |      14 |       0 |   0.0
            +---------+---------+-------+---------+---------+-------
